 Dungeon Crawl Stone Soup version 0.28.0-53-g5a82cb258f (webtiles) character file.

Game seed: 15448767603389529281

137 Sin92 the Covered (level 5, -3/33 HPs)
             Began as a Gargoyle Fighter on June 23, 2022.
             Killed by divine providence
             ... invoked by an orc priest
              (16 damage)
             ... on level 3 of the Dungeon.
             The game lasted 00:02:02 (1952 turns).

Sin92 the Covered (Gargoyle Fighter)                Turns: 1952, Time: 00:02:03

Health: -3/33      AC: 14    Str: 19    XL:     5   Next: 20%
Magic:  5/5        EV:  7    Int:  9    God:
Gold:   138        SH:  4    Dex: 11    Spells: 4/4 levels left

rFire   . . .      SeeInvis .   a - +0 flail
rCold   . . .      Faith    .   c - +0 buckler
rNeg    + . .      Spirit   .   e - +0 chain mail
rPois   ∞          Reflect  .   (no helmet)
rElec   +          Harm     .   m - +0 cloak
rCorr   .          Rampage  .   (no gloves)
Will    .....                   (no boots)
Stlth   ..........              (no amulet)
HPRegen 0.11/turn               (no ring)
MPRegen 0.09/turn               (no ring)

@: no status effects
A: sickness immunity, AC +4, negative energy resistance 1, electricity
resistance, torment resistance 1, petrification resistance
a: no special abilities


You were on level 3 of the Dungeon.
You visited 1 branch of the dungeon, and saw 3 of its levels.

You collected 138 gold pieces.

Inventory:

Hand Weapons
 a - a +0 flail (weapon)
Missiles
 f - 2 boomerangs (quivered)
Armour
 b - a +0 scale mail
 c - a +0 buckler (worn)
 e - a +0 chain mail (worn)
 m - a +0 cloak (worn)
Potions
 d - a potion of might
 h - a potion of ambrosia {unknown}
 i - 2 potions of attraction {unknown}
 k - a potion of magic {unknown}
 l - a potion of lignification {unknown}


   Skills:
 + Level 3.9 Fighting
 * Level 3.4 Maces & Flails
 + Level 4.0 Armour
 + Level 1.2 Dodging
 + Level 4.0 Shields


You had 4 spell levels left.
You didn't know any spells.
Your spell library was empty.

Dungeon Overview and Level Annotations

Branches:
Dungeon (3/15)

Altars:
Xom

Shops:
D:1 (


Innate Abilities, Weirdness & Mutations

You are immune to sickness and miasma.
Your stone body is resilient. (AC +4)
You are immune to poison.
You resist negative energy. (rN+)
You are resistant to electric shocks. (rElec)
You are resistant to unholy torment.
You are immune to petrification.


Message History

An orc wizard, 3 orcs and an orc priest come into view.
The orc shouts! x2; The orc wizard shouts!
The orc shouts!
The orc priest shouts!
You hear an angry hiss.
You hit the orc.
The orc is moderately wounded.
The orc hits you but does no damage.
There are monsters nearby!
You barely miss the orc.
The orc is moderately wounded.
The orc hits you with a +0 flail.
There are monsters nearby!
You sock the orc!
You kill the orc!
Your Armour skill increases to level 4!
There are monsters nearby!
You hit the orc.
The orc is moderately wounded.
The orc wizard casts a spell.
The orc wizard flickers and vanishes!
Deactivating autopickup; reactivate with Ctrl-A.
The orc hits you with a +0 short sword. The orc hits you but does no damage.
A frilled lizard comes into view.
You closely miss the orc.
The orc is moderately wounded.
The orc hits you but does no damage.
Unknown command.
You sock the orc!
You kill the orc!
Your Shields skill increases to level 4!
Unknown command.
You barely miss something.
Something hits you but does no damage. x2
Unknown command.
You miss something. Something hits you but does no damage.
Unknown command.
You barely miss something.
The orc priest calls down the wrath of Beogh upon you.
Beogh smites you! Something hits you but does no damage.
The orc priest calls down the wrath of Beogh upon you.
Beogh smites you!
You die...

#.....# ############
#.....# #..........+
#.....###.#†....###
+.....'...+.....+
#.....#####.....#
#########.........<.#
..... #...........#
.....l###......######
.....o{@.......#
.....o###.#......
..... #.#...... ....
#.#...... ...
#.#...... .. #.#
###.. . #.# .. #.#


You could see an orc priest, an orc and a frilled lizard.

Vanquished Creatures
  Terence (D:2)
  Natasha (thrice) (D:2)
  An adder (D:2)
  A worm (D:2)
  2 orcs (D:3)
  2 ball pythons
  A bat (D:2)
  3 endoplasms (D:1)
  3 goblins
  2 hobgoblins
  A quokka (D:2)
  3 frilled lizards
  5 kobolds
  A rat (D:2)
29 creatures vanquished.

Notes
Turn   | Place    | Note
-------+----------+-------------------------------------------
     0 | D:1      | Sin92 the Gargoyle Fighter began the quest for the Orb.
     0 | D:1      | Reached XP level 1. HP: 14/14 MP: 1/1
   133 | D:1      | Found a faded altar of an unknown god.
   166 | D:1      | Found Nenoqan's Weapon Shoppe.
   656 | D:1      | Reached XP level 2. HP: 19/19 MP: 2/2
   854 | D:2      | Noticed Natasha
   865 | D:2      | Noticed a crimson imp
   868 | D:2      | Killed Natasha
   869 | D:2      | Reached XP level 3. HP: 4/23 MP: 3/3
  1149 | D:2      | Noticed Terence
  1159 | D:2      | Killed Terence
  1160 | D:2      | Reached XP level 4. HP: 19/29 MP: 4/4
  1285 | D:2      | Reached skill level 1 in Dodging
  1570 | D:2      | Noticed Natasha
  1579 | D:2      | Killed Natasha
  1582 | D:2      | Noticed Natasha
  1588 | D:2      | Killed Natasha
  1589 | D:2      | Reached XP level 5. HP: 30/33 MP: 5/5
  1619 | D:2      | Found a shimmering altar of Xom.
  1952 | D:3      | Killed from afar by an orc priest

Illustrated notes

Levels and vault maps discovered:
D:1:      minmay_arrival_semitransparent, layout_basic,
          shapermc_ecumenical_altar_totnotflames, serial_shops, shop,
          minmay_misc_feat_diagonals
D:2:      layout_rooms, basic_altar, kennysheep_generic_room_16, uniq_terence,
          uniq_natasha
D:3:      layout_basic

Skill      XL: |  1  2  3  4  5 |
---------------+----------------+-----
Maces & Flails | 3 |  3.4
Dodging        | 1 |  1.2
Armour         | 4 |  4.0
Shields        | 4 |  4.0
Fighting       | |  3.9

Action                   |  1- 3 |  4- 6 || total
-------------------------+-------+-------++-------
Melee: Flail             |    42 |    70 ||   112
Throw: Boomerang         |       |     2 ||     2
  Use: Scroll            |       |     2 ||     2
Armor: Chain mail        |    24 |    53 ||    77
Dodge: Dodged            |    15 |    23 ||    38
Block: Buckler           |     4 |    12 ||    16
